 Dungeon Crawl Stone Soup version 0.21.1-1-g345015fe64 (webtiles) character file.

169 NullDivider the Covered (level 5, -2/47 HPs)
             Began as a Gnoll Wanderer on Apr 30, 2018.
             Slain by Crazy Yiuf
             ... wielding a +4 quarterstaff of chaos
              (10 damage)
             ... on level 3 of the Dungeon.
             The game lasted 00:13:07 (4062 turns).

NullDivider the Covered (Gnoll Wanderer)            Turns: 4062, Time: 00:13:08

Health: -2/47      AC:  8    Str: 14    XL:     5   Next: 50%
Magic:  0/7        EV: 13    Int: 15    God:
Gold:   47         SH:  0    Dex: 15    Spells: 6/6 levels left

rFire    . . .     SeeInvis .   o - -3 short sword (curse)
rCold    . . .     Gourm    .   (no shield)
rNeg     . . .     Faith    .   a - +3 leather armour
rPois    .         Spirit   +   (no helmet)
rElec    .         Reflect  .   (no cloak)
rCorr    .         Harm     .   (no gloves)
MR       .....                  g - +0 pair of boots
Stlth    ++........             n - amulet of guardian spirit
HPRegen  0.15/turn              (no ring)
MPRegen  0.10/turn              (no ring)

@: lethally poisoned (-2 -> -6), drained
A: distributed training, fangs 1, strong nose
a: no special abilities


You were on level 3 of the Dungeon.
You were not hungry.

You visited 1 branch of the dungeon, and saw 5 of its levels.

You collected 47 gold pieces.

Inventory:

Hand Weapons
 b - a +0 short sword
 c - a +0 shortbow
 o - a cursed -3 short sword (weapon)
Missiles
 d - 23 arrows
Armour
 a - a +3 leather armour (worn)
 g - a +0 pair of boots (worn)
Jewellery
 n - an amulet of guardian spirit (around neck)
Scrolls
 i - a scroll of teleportation
Potions
 e - 2 potions of curing {unknown}
 h - a potion of flight {unknown}
 j - a potion of haste
 k - 2 potions of invisibility {unknown}
 l - a potion of heal wounds {unknown}
 m - a potion of berserk rage {unknown}
Comestibles
 f - 4 rations
 p - 2 chunks of flesh


   Skills:
 + Level 6.7(6.4) Fighting
 + Level 1.4(1.2) Short Blades
 + Level 1.4(1.2) Long Blades
 + Level 1.4(1.2) Axes
 + Level 1.4(1.2) Maces & Flails
 + Level 1.4(1.2) Polearms
 + Level 1.4(1.2) Staves
 + Level 1.4(1.2) Slings
 + Level 3.0(2.7) Bows
 + Level 1.4(1.2) Crossbows
 + Level 1.4(1.2) Throwing
 + Level 6.7(6.4) Armour
 + Level 3.0(2.7) Dodging
 + Level 1.4(1.2) Stealth
 + Level 3.0(2.7) Shields
 + Level 1.4(1.2) Unarmed Combat
 + Level 1.4(1.2) Spellcasting
 + Level 1.1(0.9) Conjurations
 + Level 1.1(0.9) Hexes
 + Level 1.1(0.9) Charms
 + Level 1.1(0.9) Summonings
 + Level 1.1(0.9) Necromancy
 + Level 1.1(0.9) Translocations
 + Level 1.1(0.9) Transmutations
 + Level 1.1(0.9) Fire Magic
 + Level 1.1(0.9) Ice Magic
 + Level 1.1(0.9) Air Magic
 + Level 1.1(0.9) Earth Magic
 + Level 1.1(0.9) Poison Magic
 + Level 1.6(1.4) Invocations
 + Level 3.0(2.7) Evocations


You had 6 spell levels left.
You didn't know any spells.

Dungeon Overview and Level Annotations

Branches:
Dungeon (5/15)
 Temple: D:4-7

Altars:
Makhleb
Sif Muna
Yredelemnul
Zin

Annotations:
D:3 Crazy Yiuf
D:4 Thargor's ghost, amateur MiFi


Innate Abilities, Weirdness & Mutations

Your experience applies equally to all skills.
You have very sharp teeth.
Your uncanny sense of smell can sniff out nearby items.


Message History

Crazy Yiuf is heavily wounded.
Crazy Yiuf laughs, "Orb koolooloo sing-song!"
Crazy Yiuf hits you but does no damage.
You are poisoned.
You barely miss Crazy Yiuf.
Crazy Yiuf is heavily wounded.
You feel sick.
Crazy Yiuf laughs, "Papa agre arm!"
Crazy Yiuf barely misses you.
You hit Crazy Yiuf but do no damage.
Crazy Yiuf is heavily wounded.
You feel sick.
Crazy Yiuf hits you with a quarterstaff of chaos.
* * * LOW HITPOINT WARNING * * *
You feel your power leaking away.
You hit Crazy Yiuf but do no damage.
Crazy Yiuf is heavily wounded.
Crazy Yiuf whimpers, "Buddy aubergine snail!"
Crazy Yiuf hits you with a quarterstaff of chaos!
You die...

...).####)#.[...###.........###
........#.#...................#
......#.#........##...†.......#
......#.##..####.##...........#
......#.##..# #.#<...........#
......#....># #.#.#..........#
#####.#..#### #.# ######.....#
#.#..#######.# ##......
#.#..#.....#@# ......
#.#..#.....g.# #.#..#.#######
#####.#..#.# ..##.....#.#
..##.....#>#### ####
<.##..........## ###..)#
..##...........####.'...#
.)##.....#......#.g##...#


You could see Crazy Yiuf.

Vanquished Creatures
  A worker ant (D:4)
  A gnoll (D:1)
  4 adders
  2 worms
  3 dart slugs (D:1)
  4 leopard geckos
  13 orcs
  2 bats (D:2)
  A giant cockroach (D:1)
  8 goblins
  4 hobgoblins
  8 jackals
  8 kobolds
  2 ball pythons
  4 frilled lizards
  3 rats
68 creatures vanquished.

Notes
Turn   | Place    | Note
-------+----------+-------------------------------------------
     0 | D:1      | NullDivider the Gnoll Wanderer began the quest for the Orb.
     0 | D:1      | NullDivider set off with: a +2 leather armour, a +0 short sword, a +0 shortbow, 24 arrows, a ration
     0 | D:1      | Reached XP level 1. HP: 23/23 MP: 2/2
   292 | D:1      | Reached XP level 2. HP: 29/29 MP: 3/3
   562 | D:1      | Reached XP level 3. HP: 24/35 MP: 4/4
   937 | D:2      | Reached skill level 1 in Invocations
  1131 | D:2      | Reached skill level 1 in Short Blades
  1131 | D:2      | Reached skill level 1 in Long Blades
  1131 | D:2      | Reached skill level 1 in Axes
  1131 | D:2      | Reached skill level 1 in Maces & Flails
  1131 | D:2      | Reached skill level 1 in Polearms
  1131 | D:2      | Reached skill level 1 in Staves
  1131 | D:2      | Reached skill level 1 in Slings
  1131 | D:2      | Reached skill level 1 in Crossbows
  1131 | D:2      | Reached skill level 1 in Throwing
  1131 | D:2      | Reached skill level 1 in Stealth
  1131 | D:2      | Reached skill level 1 in Unarmed Combat
  1131 | D:2      | Reached skill level 1 in Spellcasting
  1378 | D:2      | Found a burning altar of Makhleb.
  1392 | D:2      | Reached XP level 4. HP: 39/41 MP: 6/6
  1709 | D:2      | Found a glowing silver altar of Zin.
  2142 | D:3      | Reached skill level 1 in Conjurations
  2142 | D:3      | Reached skill level 1 in Hexes
  2142 | D:3      | Reached skill level 1 in Charms
  2142 | D:3      | Reached skill level 1 in Summonings
  2142 | D:3      | Reached skill level 1 in Necromancy
  2142 | D:3      | Reached skill level 1 in Translocations
  2142 | D:3      | Reached skill level 1 in Transmutations
  2142 | D:3      | Reached skill level 1 in Fire Magic
  2142 | D:3      | Reached skill level 1 in Ice Magic
  2142 | D:3      | Reached skill level 1 in Air Magic
  2142 | D:3      | Reached skill level 1 in Earth Magic
  2142 | D:3      | Reached skill level 1 in Poison Magic
  2242 | D:4      | Noticed Thargor's ghost (amateur MiFi)
  2248 | D:4      | HP: 2/41 [poisoned by a worker ant]
  2254 | D:4      | HP: 2/41 [poisoned by a worker ant]
  2260 | D:4      | HP: 1/41 [poisoned by a worker ant]
  2266 | D:5      | Entered Level 5 of the Dungeon
  2266 | D:5      | HP: 1/41 [poisoned by a worker ant]
  2734 | D:4      | Reached XP level 5. HP: 16/47 MP: 3/7
  3210 | D:3      | Found a deep blue altar of Sif Muna.
  3210 | D:3      | Found a basalt altar of Yredelemnul.
  4020 | D:3      | Found a runed door.
  4024 | D:3      | Noticed Crazy Yiuf
  4062 | D:3      | Slain by Crazy Yiuf

Skill      XL: |  1  2  3  4  5 |
---------------+----------------+-----
Invocations    | 1 |  1.6
Short Blades   | 1 |  1.4
Long Blades    | 1 |  1.4
Axes           | 1 |  1.4
Maces & Flails | 1 |  1.4
Polearms       | 1 |  1.4
Staves         | 1 |  1.4
Slings         | 1 |  1.4
Crossbows      | 1 |  1.4
Throwing       | 1 |  1.4
Stealth        | 1 |  1.4
Unarmed Combat | 1 |  1.4
Spellcasting   | 1 |  1.4
Conjurations   | 1 |  1.1
Hexes          | 1 |  1.1
Charms         | 1 |  1.1
Summonings     | 1 |  1.1
Necromancy     | 1 |  1.1
Translocations | 1 |  1.1
Transmutations | 1 |  1.1
Fire Magic     | 1 |  1.1
Ice Magic      | 1 |  1.1
Air Magic      | 1 |  1.1
Earth Magic    | 1 |  1.1
Poison Magic   | 1 |  1.1
Bows           | 3 |  3.0
Dodging        | 3 |  3.0
Shields        | 3 |  3.0
Evocations     | 3 |  3.0
Fighting       | |  6.7
Armour         | |  6.7

Action                   |  1- 3 |  4- 6 || total
-------------------------+-------+-------++-------
Melee: Short sword       |    96 |   370 ||   466
       Bite              |     8 |    57 ||    65
       Punch             |       |     3 ||     3
 Fire: Shortbow          |    11 |       ||    11
  Use: Scroll            |       |     4 ||     4
       Potion            |       |     1 ||     1
 Stab: Sleeping          |     2 |     2 ||     4
  Eat: Chunk             |     1 |     6 ||     7
       Ration            |       |     1 ||     1
Armor: Leather armour    |    22 |   110 ||   132
Dodge: Dodged            |    79 |   215 ||   294
